 Dungeon Crawl Stone Soup version 0.29.1-2-gbd0b4ee654 (webtiles) character file.

Game seed: 7743908689054083640

371144 croobank the Spry (level 23, -21/186 HPs)
             Began as a Djinni Summoner on Nov 15, 2022.
             Was the Champion of Ashenzari.
             Demolished by a vault warden
             ... wielding a +1 battleaxe
              (28 damage)
             ... on level 5 of the Vaults.
             The game lasted 05:17:46 (55215 turns).

croobank the Spry (Djinni Summoner)                Turns: 55215, Time: 05:17:47

Health: -21/186    AC: 20    Str:  6    XL:     23   Next: 72%
Gold:   2365       EV: 46    Int: 25    God:    Ashenzari [******] SH:  0 Dex: 26

rFire   . . .      SeeInvis +     - Unarmed
rCold   . . .      Faith    .   (shield currently unavailable)
rNeg    + . .      Spirit   .   (body armour currently unavailable)
rPois   ∞          Reflect  .   (helmet currently unavailable)
rElec   +          Harm     .   (cloak currently unavailable)
rCorr   .          Rampage  +   (gloves currently unavailable)
Will    ++...      Clarity  +   (boots unavailable)
Stlth   ++++......              d - amulet "Shackled Agnosticism" {Rampage Drain rElec rN+ Regen+, Self, Melee} (curse)
HPRegen 1.21/turn               P - ring "At What Cost Knowledge?" {Dex+6, Fort, Cun} (curse)
MPRegen 0.00/turn               t - ring "Share My Repose" {Wiz, Cun, Self} (curse)

@: about to teleport, storm-form, flying, studying 2 skills
A: cleaving, insubstantial, flying, sickness immunity, (fire resistance 2),
(cold vulnerability 1), float, innate caster, HP casting, extra vitality 1,
agile 1, mutation resistance 1, wild magic 1
}: 2/15 runes: barnacled, gossamer
a: Blinkbolt, End Transformation, Renounce Religion, Shatter the Chains


You were on level 5 of the Vaults.
You worshipped Ashenzari.
Ashenzari was exalted by your worship.
You were a lightning-filled tempest!
You visited 8 branches of the dungeon, and saw 39 of its levels.
You visited the Abyss 1 time.
You also visited: Gauntlet, Ice Cave and Desolation.

You collected 3721 gold pieces.
You spent 1356 gold pieces at shops.

Inventory:

Hand Weapons
 a - the cursed +11 rapier of Ashenzari's Paranoia (melded) {flame, Dex+2, Evo, Cun}
   (You found it on level 2 of the Dungeon)

   It burns those it strikes, dealing additional fire damage.
   Dex:       It affects your dexterity (+2).
   It has a curse which improves the following skills: Evocations: Evocations.
   Cunning:   Dodging and Stealth.
 z - the +9 staff of Wucad Mu {*channel}
   (You found it in the Desolation of Salt)

   It occasionally powers its wielder's spells, but with a chance of causing
   confusion or draining the wielder's intelligence.
   It becomes more likely to activate and less likely to backfire with increased
   Evocations skill.
 V - a +9 broad axe of flaming
Missiles
 Y - 7 atropa-tipped darts
Armour
 h - the cursed +1 pair of gloves "Shattered Together" (melded) {rN+ Slay+5, Melee, Fort}
   (You found it on level 2 of the Spider Nest)

   Slay:      It affects your accuracy & damage with ranged weapons and melee
   (+5).
   rN:        It protects you from negative energy.
   It has a curse which improves the following skills: Melee Combat: Short
   Blades, Long Blades, Axes, Maces & Flails, Polearms, Staves and Unarmed
   Combat.
   Fortitude: Armour and Shields.
 m - the cursed +2 kite shield of Ashenzari's Failure (melded) {rC+, Cun, Range}
   (You found it in an ice cave)

   It has a curse which improves the following skills: Cunning: Dodging and
   Stealth.
   Ranged Combat: Ranged Weapons and Throwing.
 o - the cursed +4 troll leather armour of Ashenzari's Yoke (melded) {Regen+, Evo, Fort}
   (You found it on level 11 of the Dungeon)

   Regen:     It increases your rate of health regeneration.
   It has a curse which improves the following skills: Evocations: Evocations.
   Fortitude: Armour and Shields.
 s - the cursed +0 cloak "Share My Existentialism" (melded) {Evo, Melee}
   (You found it on level 3 of the Dungeon)

   It has a curse which improves the following skills: Evocations: Evocations.
   Melee Combat: Short Blades, Long Blades, Axes, Maces & Flails, Polearms,
   Staves and Unarmed Combat.
 M - the cursed +2 helmet of Star-Bound Wisdom (melded) {SInv, Evo, Melee}
   (You bought it in a shop on level 2 of the Vaults)

   It has a curse which improves the following skills: Evocations: Evocations.
   Melee Combat: Short Blades, Long Blades, Axes, Maces & Flails, Polearms,
   Staves and Unarmed Combat.
 W - a +4 tower shield of cold resistance
Jewellery
 c - the amulet of Heesi {Spirit Rampage rF++ Slay+6}
   (You took it off a minotaur in a Gauntlet)

   [amulet of guardian spirit]

   It causes incoming damage to be divided between your reserves of health and
   magic.
   Slay:      It affects your accuracy & damage with ranged weapons and melee
   (+6).
   rF:        It greatly protects you from fire.
   Rampage:   It bestows one free step when moving towards enemies.
 d - the cursed amulet "Shackled Agnosticism" (around neck) {Rampage Drain rElec rN+ Regen+, Self, Melee}
   (You found it in the Desolation of Salt)

   [amulet of regeneration]

   rElec:     It insulates you from electricity.
   rN:        It protects you from negative energy.
   Regen:     It increases your rate of health regeneration.
   Drain:     It drains your maximum health when unequipped.
   Rampage:   It bestows one free step when moving towards enemies.
   It has a curse which improves the following skills: Introspection: Fighting
   and Spellcasting.
   Melee Combat: Short Blades, Long Blades, Axes, Maces & Flails, Polearms,
   Staves and Unarmed Combat.
 e - a ring of fire
 j - a ring of positive energy
 k - a +4 ring of slaying
 t - the cursed ring "Share My Repose" (right fist) {Wiz, Cun, Self}
   (You found it on level 3 of the Dungeon)

   [ring of wizardry]

   It improves your spell success rate.
   It has a curse which improves the following skills: Cunning: Dodging and
   Stealth.
   Introspection: Fighting and Spellcasting.
 E - the ring "Azunlum" {Fire rCorr Int+6 Slay-2}
   (You found it in the Desolation of Salt)

   [ring of fire]

   It enhances your fire magic.
   Int:       It affects your intelligence (+6).
   Slay:      It affects your accuracy & damage with ranged weapons and melee
   (-2).
   rF:        It protects you from fire.
   rC:        It makes you vulnerable to cold.
   rCorr:     It protects you from acid and corrosion.
 I - a ring of willpower
 P - the cursed ring "At What Cost Knowledge?" (left fist) {Dex+6, Fort, Cun}
   (You found it on level 11 of the Dungeon)

   [ring of dexterity]

   Dex:       It affects your dexterity (+6).
   It has a curse which improves the following skills: Fortitude: Armour and
   Shields.
   Cunning:   Dodging and Stealth.
 R - a +4 ring of evasion
Wands
 x - a wand of digging (2)
 D - a wand of light (26)
 G - a wand of paralysis (21)
 H - a wand of iceblast (40)
 J - a wand of mindburst (25)
 K - a wand of flame (37)
Scrolls
 b - 2 scrolls of summoning
 i - 15 scrolls of teleportation
 r - 11 scrolls of immolation
 v - 9 scrolls of fear
 w - 10 scrolls of poison
 y - 3 scrolls of silence
 L - 5 scrolls of brand weapon
 O - 5 scrolls of vulnerability
 Q - 7 scrolls of magic mapping
Potions
 f - 3 potions of brilliance
 g - 20 potions of curing
 l - a potion of cancellation
 p - 11 potions of mutation
 q - 6 potions of lignification
 C - a potion of might
 S - 6 potions of attraction
 Z - 4 potions of resistance
Miscellaneous
 u - a phantom mirror (inert)
 F - a lightning rod (4/4)


   Skills:
 * Level 18.5(22.1) Fighting
 + Level 12.5(15.1) Short Blades
 - Level 2.8 Ranged Weapons
 + Level 10.3(13.0) Armour
 * Level 20.1(23.7) Dodging
 - Level 2.4(5.4) Stealth
 * Level 13.0(15.6) Shields
 - Level 7.4(10.1) Unarmed Combat
 * Level 14.8(18.7) Spellcasting
 * Level 14.5 Evocations


You couldn't memorise any spells.
You knew the following spells:

 Your Spells              Type           Power      Damage    Failure   Level
a - Summon Small Mammal   Summ           100%       N/A       1%          1
b - Call Imp              Summ           100%       N/A       1%          2
c - Call Canine Familiar  Summ           100%       N/A       1%          3
d - Summon Guardian Gole  Hex/Summ       100%       N/A       1%          3
e - Summon Lightning Spi  Summ/Air       100%       N/A       1%          4
f - Necrotise             Necr           100%       1d9       1%          1
g - Passwall              Tmut/Erth      83%        N/A       1%          2
h - Swiftness             Air            100%       N/A       1%          3
i - Teleport Other        Tloc           100%       N/A       1%          3
j - Cause Fear            Hex            50%        N/A       1%          4
k - Summon Forest         Summ/Tloc      50%        N/A       1%          5
l - Eringya's Noxious Bo  Tmut/Pois      50%        N/A       1%          6
m - Malign Gateway        Summ/Tloc      50%        N/A       1%          7
n - Summon Cactus Giant   Summ           50%        N/A       1%          6
o - Lehudib's Crystal Sp  Conj/Erth      50%        10d12     4%          8
p - Storm Form            Tmut/Air       50%        N/A       1%          7
Your spell library was empty.

Dungeon Overview and Level Annotations

Branches:
Dungeon (15/15)            Temple (0/1) D:6            Lair (5/5) D:10
 Shoals (4/4) Lair:3       Spider (4/4) Lair:2        Slime (0/5) Lair:4
    Orc (2/2) D:12            Elf (1/3) Orc:2        Vaults (5/5) D:14
  Crypt (0/3) Vaults:2     Depths (3/4) D:15          IceCv (visited)
Desolation (visited)      Gauntlet (visited)

Altars:
Ashenzari
Cheibriados
Gozag
Nemelex Xobeh
Trog
Wu Jian
Yredelemnul
Zin
The Shining One
Jiyva

Shops:
D:4 [   D:8 (   D:12 ?   D:15 ?   Orc:1 *   Orc:2 [=?*=   Shoals:3 *
Vaults:2 ([

Portals:
Hell: Depths:1 Depths:2 Depths:3
Abyss: Depths:1 Depths:2 Depths:3
Pandemonium: Depths:1 Depths:2
Ziggurat: Depths:2

Annotations:
D:3 1 runed translucent door, Crazy Yiuf
Shoals:1 Roxanne
Elf:1 Nikola
Depths:1 3 runed translucent doors, Veakkusy's ghost, veteran DsWr


Innate Abilities, Weirdness & Mutations

You are a lightning-filled tempest!
Your electrical attacks strike out in all directions at once.
You are incredibly evasive.
Your insubstantial body is immune to petrification, constriction, and being set on fire You are flying.
Your armour is entirely melded.
You are incapable of wielding weapons or throwing items.
You are immune to sickness and miasma.
You are immune to poison.
((Your flesh is very heat resistant. (rF++)))
((You are vulnerable to cold. (rC-)))
You float through the air rather than walking.
You learn spells naturally, not from books.
Your magical power is your life essence.
You have superior vitality. (+4 MHP)
You are agile. (Dex +4, Str/Int -1)
You are somewhat resistant to further mutation.
Your spells are a little harder to cast, but a little more powerful.


Message History

The vault guard misses you.
The stone giant shouts!
Okay, then.
Casting: Storm Form (mildly dangerous; 1% risk of failure)
Confirm with . or Enter, or press ? or * to list all spells.
You turn into a lightning-filled tempest!
The cursed +11 rapier of Ashenzari's Paranoia {flame, Dex+2, Evo, Cun} melds into your body.
The cursed +0 cloak "Share My Existentialism" {Evo, Melee} melds into your body.
The cursed +2 helmet of Star-Bound Wisdom {SInv, Evo, Melee} melds into your body.
The cursed +1 pair of gloves "Shattered Together" {rN+ Slay+5, Melee, Fort} melds into your body.
The cursed +2 kite shield of Ashenzari's Failure {rC+, Cun, Range} melds into your body.
The cursed +4 troll leather armour of Ashenzari's Yoke {Regen+, Evo, Fort} melds into your body.
The cursed +11 rapier of Ashenzari's Paranoia {flame, Dex+2, Evo, Cun} stops flaming.
You feel less resistant to cold.
* * * LOW HITPOINT WARNING * * *
You hear a shout! x2
The vault guard misses you.
The tentacled monstrosity closely misses you.
The tentacled monstrosity tentacle-slaps you but does no damage.
The tentacled monstrosity completely misses you.
The vault guard completely misses you. The vault warden barely misses you.
The phantasmal warrior gestures at you.
The phantasmal warrior blinks!
As you read the scroll of teleportation, it crumbles to dust.
You feel strangely unstable.
The sphinx casts a spell.
Something smites you!
* * * LOW HITPOINT WARNING * * *
The ironbound preserver casts a spell.
The ironbound preserver begins to accept its allies' injuries.
The tentacled monstrosity completely misses you.
The tentacled monstrosity tentacle-slaps you!
* * * LOW HITPOINT WARNING * * *
The tentacled monstrosity completely misses you.
A fire giant comes into view.
It is wielding a +0 great sword of flaming.
The vault guard barely misses you. The phantasmal warrior gestures at you.
The phantasmal warrior blinks!
The vault warden hits you with a +1 battleaxe!!
You die...

###♣♣ #♣#♣#♣ ######## * *
* *#########*#####♣#♣###
, , , ,
..$.......H.........†{ *,
,,,,,
..................).│w ,,
* **
*♣#########♣##♣###...*. *
,, *
,..##pvp##..♣..##..)†.~ ,
,,,,
,.##TXppp##........#... *
,** ,,
♣#.§O#Hp.#♣.♣{...##... *,
*, #...##.pCD#♣...)###...
, ,
#WT.##...)..#...##.#...
,,*, *
,....#♣.♣........##..#...
*,,*,,,
....#♣.?)..##.p.♣#...#...
,**
,,.#.C.♣#.|.##.........#.
, , , #♣...♣♣♣##...♣.♣...


You could see a tentacled monstrosity (sheltered), an ironbound preserver, a
fire giant, a quicksilver dragon (sheltered), a sphinx (sheltered), a stone
giant (sheltered), 2 vault wardens, 5 vault guards, a two-headed ogre shaped
shifter, 2 deep trolls and a phantasmal warrior.

Vanquished Creatures
  Mara (Depths:2)
  Mennas (Vaults:4)
  Sojobo (Depths:2)
  Boris (Vaults:3)
  Xtahua (Vaults:4)
  Jory (Vaults:5)
  A lich (Depths:1)
  Asterion (Vaults:1)
  4 sphinxes
  3 tengu reavers
  2 shadow dragons
  6 fire giants
  3 frost giants
  2 emperor scorpions (Spider:4)
  10 vault wardens
  An angel (Depths:2)
  Aizul (Shoals:1)
  3 ghost moths
  7 ironbound preservers
  A war gargoyle (Vaults:2)
  5 ironbound thunderhulks
  3 broodmothers
  12 very ugly things
  A starflower (Abyss:3)
  A vampire knight (Depths:1)
  4 stone giants
  A halazid warlock (Desolation)
  A minotaur (Gauntlet)
  10 dire elephants
  An entropy weaver (Spider:3)
  9 spark wasps
  11 merfolk impalers
  5 merfolk javelineers
  3 crystal guardians
  A deep elf death mage (Vaults:5)
  2 ettins
  3 ragged hierophants (Desolation)
  3 fire dragons
  A rakshasa (Depths:2)
  A great orb of eyes (Vaults:2)
  Erolcha (Orc:2)
  4 servants of whispers (Desolation)
  9 yaktaur captains
  5 vault guards
  An ice dragon (Depths:1)
  A spriggan air mage (Depths:1)
  2 ogre magi
  11 centaur warriors
  6 peacekeepers
  3 merfolk avatars
  7 ironbound frosthearts
  An alligator snapping turtle (Shoals:4)
  4 two-headed ogres (Orc:2)
  2 deep troll shamans (Depths:1)
  A merfolk aquamancer (Shoals:4)
  3 deep troll earth magi
  3 soul eaters
  2 tengu warriors
  2 vampire magi (Depths:1)
  2 hell knights (Depths:3)
  2 spriggans (Depths:2)
  A sun demon (Depths:2)
  Sonja (Lair:2)
  2 spriggan berserkers
  7 iron trolls
  2 pharaoh ants
  3 steelbarb worms
  17 deep trolls
  2 flayed ghosts
  5 sea snakes
  2 wizards
  11 orb spiders
  9 ironbound convokers
  2 necromancers
  7 harpies (Shoals:4)
  8 wolf spiders
  A deep elf pyromancer (D:15)
  3 orc knights (Vaults:4)
  8 lindwurms
  8 ugly things
  A faun (Shoals:1)
  2 cyclopes (Orc:2)
  6 manticores
  2 orc sorcerers (Orc:2)
  A moth of wrath (Spider:3)
  2 black mambas (Lair:5)
  A guardian serpent (Desolation)
  2 elephants (Lair:5)
  2 water nymphs
  12 vault sentinels
  2 smoke demons (Depths:2)
  5 torpor snails
  6 cane toads
  3 large abominations (Depths:3)
  A hellion (Depths:1)
  4 demonic crawlers
  2 unseen horrors
  2 rime drakes
  2 komodo dragons
  2 tengu conjurers
  A freezing wraith (D:15)
  27 yaktaurs
  A hellwing (Depths:1)
  15 merfolk
  7 trolls
  5 wind drakes
  A polar bear (Lair:3)
  16 saltlings (Desolation)
  9 tarantellas
  4 hornets
  A dream sheep (Lair:2)
  Grinder (D:4)
  An ettin zombie (Vaults:1)
  12 slime creatures
  16 jumping spiders
  5 snapping turtles
  19 culicivoras
  A vampire (D:10)
  A ynoxinul (Gauntlet)
  A wraith (D:9)
  15 water elementals
  A basilisk (D:10)
  A fire elemental (D:15)
  A wyvern (Lair:2)
  10 yaks
  2 steam dragons (D:8)
  34 redbacks
  2 chaos spawn
  4 vampire mosquitoes
  2 acid dragons
  3 water moccasins
  An ogre skeleton (Vaults:1)
  4 orc warriors
  A floating eye (Depths:1)
  A sky beast (D:8)
  An ice beast (D:5)
  2 small abominations (Depths:3)
  13 ogres
  3 boggarts (D:15)
  10 wolves
  5 centaurs
  A kobold brigand (D:9)
  3 bullfrogs
  2 scorpions (D:4)
  A hornet simulacrum (D:15)
  13 wights
  A killer bee (D:8)
  9 electric eels
  An iron imp (Gauntlet)
  A jelly (Lair:4)
  2 hounds
  8 orc priests
  2 gnoll boudas
  Terence (D:3)
  2 iguanas
  16 orc wizards
  Natasha (twice) (D:3)
  10 gnolls
  9 adders
  2 shadow imps
  A white imp (D:6)
  An ufetubus (D:5)
  A worm (D:5)
  A dart slug (D:2)
  51 orcs
  3 bats
  5 endoplasms
  3 giant cockroaches
  6 hobgoblins
  3 jackals
  8 kobolds
  6 ball pythons
  A frilled lizard (D:2)
  7 goblins
  5 rats
  A snaplasher vine (Desolation)
809 creatures vanquished.

Vanquished Creatures (collateral kills)
  Saint Roka (Vaults:1)
  Jorgrun (Shoals:2)
  A walking earthen tome (Depths:3)
  A quicksilver dragon (Depths:3)
  A kraken (Shoals:3)
  A sphinx (Vaults:4)
  A tengu reaver (Depths:2)
  4 vault wardens
  2 frost giants
  An orc warlord (Vaults:4)
  An imperial myrmidon (Desolation)
  An emperor scorpion (Spider:2)
  A ghost moth (Spider:4)
  A war gargoyle (Vaults:2)
  6 ironbound preservers
  3 very ugly things
  An ironbound thunderhulk (Vaults:1)
  A stone giant (Depths:1)
  3 entropy weavers
  A halazid warlock (Desolation)
  2 spark wasps (Spider:4)
  3 dire elephants
  2 ettins
  2 crystal guardians
  3 merfolk javelineers (Shoals:4)
  2 yaktaur captains
  4 merfolk impalers (Shoals:4)
  A fire dragon (Depths:2)
  2 great orbs of eyes
  2 ragged hierophants (Desolation)
  An ogre mage (Orc:2)
  2 peacekeepers (Desolation)
  7 hydras
  A hell beast (Depths:2)
  6 servants of whispers (Desolation)
  2 ice dragons
  5 vault guards
  A radroach (Spider:1)
  2 catoblepae
  A spriggan air mage (Depths:3)
  3 merfolk avatars
  5 two-headed ogres
  3 boulder beetles
  2 merfolk aquamancers
  4 ironbound frosthearts
  An alligator snapping turtle (Shoals:4)
  5 deep troll shamans
  5 centaur warriors
  4 deep troll earth magi
  3 tengu warriors
  10 death yaks
  A spriggan berserker (Depths:2)
  2 thrashing horrors (Abyss:3)
  2 hell knights (Depths:3)
  A pharaoh ant (Spider:3)
  An iron troll (Depths:2)
  21 deep trolls
  3 skeletal warriors (D:11)
  A sun moth (Spider:1)
  A flayed ghost (Depths:1)
  3 sea snakes
  3 orb spiders
  A bog body (Abyss:3)
  2 lindwurms (Lair:3)
  6 ironbound convokers
  A phantasmal warrior (Vaults:5)
  7 harpies
  6 wolf spiders
  A deep elf pyromancer (D:15)
  3 necromancers
  2 wizards
  2 fauns
  2 orc knights
  15 ugly things
  3 orc sorcerers
  A salamander (D:15)
  7 cyclopes
  7 manticores
  A worldbinder (Abyss:3)
  2 elephants (Lair:5)
  7 merfolk sirens
  3 moths of wrath
  5 vault sentinels
  4 water nymphs
  Joseph (D:8)
  A demonic crawler (Spider:4)
  2 molten gargoyles (Desolation)
  A torpor snail (Spider:2)
  2 unseen horrors (Depths:3)
  2 rime drakes (Lair:2)
  An efreet (D:15)
  4 cane toads
  2 komodo dragons
  10 yaktaurs
  4 ice devils (IceCv)
  6 freezing wraiths
  An anaconda simulacrum (IceCv)
  A tengu conjurer (D:14)
  9 trolls
  13 merfolk
  3 wind drakes
  3 polar bears (Lair:5)
  3 meliai (Spider:3)
  16 slime creatures
  2 hornets (Spider:4)
  8 tarantellas
  A large abomination (Abyss:3)
  34 saltlings (Desolation)
  4 dream sheep
  A snapping turtle (Shoals:2)
  11 jumping spiders
  A centaur simulacrum (D:14)
  8 water elementals
  5 culicivoras
  2 wraiths
  8 yaks
  A dire elephant simulacrum (IceCv)
  A vampire (D:11)
  A wyvern (Lair:3)
  A culicivora (shapeshifter) (D:13)
  3 basilisks
  3 death yak simulacra (IceCv)
  A basilisk (shapeshifter) (D:14)
  A fire elemental (Lair:5)
  13 redbacks
  9 vampire mosquitoes
  4 chaos spawn (Depths:3)
  2 wargs
  7 water moccasins
  13 orc warriors
  3 small abominations
  An ettin simulacrum (Vaults:1)
  A sky beast (D:8)
  9 ogres
  A boggart (D:15)
  6 wolves
  12 centaurs
  2 nameless horrors
  6 bullfrogs
  A kobold brigand (D:5)
  A necrophage (D:7)
  3 cane toad simulacra (IceCv)
  3 wights
  An elephant simulacrum (IceCv)
  2 killer bees (D:8)
  An electric eel (Spider:4)
  4 howler monkeys
  A lava snake (Lair:5)
  2 hounds
  6 orc priests
  4 jellies
  4 iron imps
  A gnoll bouda (D:7)
  Natasha (D:3)
  8 orc wizards
  3 polar bear simulacra (IceCv)
  4 wolf simulacra (IceCv)
  4 gnolls
  3 adders
  2 naga simulacra (IceCv)
  A shadow imp (Gauntlet)
  2 white imps
  2 ufetubi (IceCv)
  2 dart slugs
  39 orcs
  2 ball pythons
  7 endoplasms
  2 giant cockroaches (D:2)
  7 hobgoblins
  5 jackals
  5 kobolds
  A quokka (D:3)
  3 bats
  8 frilled lizards
  4 goblins
  2 rats
  A butterfly (Lair:2)
  A snaplasher vine (Vaults:2)
  5 tentacles (Shoals:3)
685 creatures vanquished.

Vanquished Creatures (others)
  8 eldritch tentacles
  A ragged hierophant (Desolation)
  2 merfolk impalers
  3 hydras
  A boulder beetle (D:12)
  A vault guard (D:14)
  3 centaur warriors
  A death knight (D:15)
  4 two-headed ogres
  An alligator snapping turtle (Shoals:4)
  2 death yaks (Lair:3)
  2 skeletal warriors (D:11)
  A wizard (Depths:3)
  2 harpies (Shoals:4)
  A manticore (D:11)
  2 ugly things
  A faun (Shoals:1)
  A cyclops (D:14)
  A moth of wrath (Spider:4)
  An elephant (Lair:5)
  A black mamba (Lair:5)
  A gargoyle (D:11)
  A komodo dragon (D:10)
  7 ice devils (IceCv)
  2 trolls
  3 anaconda simulacra (IceCv)
  A saltling (Desolation)
  A tarantella (Spider:2)
  4 hornets
  A snapping turtle (Shoals:2)
  2 culicivoras (Spider:1)
  A water elemental (Shoals:2)
  2 yaks
  A wraith (D:13)
  A dire elephant simulacrum (IceCv)
  A death yak simulacrum (IceCv)
  2 redbacks
  2 hydra simulacra (IceCv)
  4 orc warriors
  2 cane toad simulacra (IceCv)
  3 wights (D:7)
  2 elephant simulacra (IceCv)
  A troll simulacrum (IceCv)
  A wolf simulacrum (IceCv)
  3 gnolls (D:7)
  2 orcs
  A demonic plant (Gauntlet)
  19 fungi
  132 plants
  34 snaplasher vines
  20 tentacles (Shoals:3)
297 creatures vanquished.

Grand Total: 1791 creatures vanquished

Notes
Turn   | Place    | Note
-------+----------+-------------------------------------------
     0 | D:1      | croobank the Djinni Summoner began the quest for the Orb.
     0 | D:1      | croobank set off with the following spells memorised:
                  | Summon Small Mammal, Call Imp, Call Canine Familiar, Summon
                  | Guardian Golem, Summon Lightning Spire.
     0 | D:1      | Reached XP level 1. HP: 15/15 MP: 0/0
   619 | D:1      | Reached XP level 2. HP: 15/21 MP: 0/0
   643 | D:1      | Found a faded altar of an unknown god.
   734 | D:1      | Prayed at the altar of an unknown god.
   734 | D:1      | Became a worshipper of Ashenzari the Shackled
  1183 | D:1      | Reached XP level 3. HP: 24/26 MP: 0/0
  1183 | D:1      | Learned a level 1 spell: Necrotise
  1640 | D:2      | Reached skill level 1 in Fighting
  2082 | D:2      | Reached XP level 4. HP: 30/32 MP: 0/0
  2107 | D:2      | Reached * piety under Ashenzari
  2316 | D:2      | Noticed a nameless horror
  2334 | D:2      | Killed a nameless horror
  2546 | D:2      | Reached skill level 3 in Dodging
  2688 | D:2      | Identified the +11 rapier "Impbane" {flame, Dex+2}
  2688 | D:2      | Found the +8 storm bow {elec, penet}
  3016 | D:2      | Reached XP level 5. HP: 37/38 MP: 0/0
  3016 | D:2      | Learned a level 2 spell: Passwall
  3083 | D:3      | Noticed Natasha
  3088 | D:3      | Killed Natasha
  3193 | D:3      | Noticed Natasha
  3203 | D:3      | Killed Natasha
  3477 | D:3      | Noticed Terence
  3480 | D:3      | Reached XP level 6. HP: 40/45 MP: 0/0
  3481 | D:3      | Reached skill level 1 in Ranged Weapons
  3491 | D:3      | Killed Terence
  3618 | D:3      | Noticed Natasha
  3627 | D:3      | Killed Natasha
  3628 | D:3      | Reached skill level 4 in Dodging
  3975 | D:3      | Found a runed translucent door.
  3976 | D:3      | Noticed Crazy Yiuf
  4002 | D:4      | Noticed Grinder
  4011 | D:4      | Reached XP level 7. HP: 50/50 MP: 0/0
  4011 | D:4      | Learned a level 3 spell: Swiftness
  4029 | D:4      | Killed Grinder
  4231 | D:4      | Reached skill level 5 in Dodging
  4293 | D:4      | Reached XP level 8. HP: 10/58 MP: 0/0
  4533 | D:4      | Reached ** piety under Ashenzari
  4940 | D:4      | Found Juwetzu's Armour Shop.
  4972 | D:5      | Entered Level 5 of the Dungeon
  5023 | D:5      | Reached skill level 1 in Unarmed Combat
  5510 | D:5      | Reached skill level 5 in Spellcasting
  5868 | D:5      | Reached skill level 6 in Dodging
  6034 | D:5      | Reached skill level 5 in Fighting
  6526 | D:6      | Reached *** piety under Ashenzari
  6536 | D:6      | Found a snail-covered altar of Cheibriados.
  6715 | D:6      | Reached XP level 9. HP: 54/65 MP: 0/0
  6715 | D:6      | Learned a level 3 spell: Teleport Other
  7023 | D:6      | Found a staircase to the Ecumenical Temple.
  7446 | D:7      | Found an ornate altar of the Wu Jian Council.
  7469 | D:7      | Reached skill level 7 in Dodging
  7743 | D:7      | Found an opulent altar of Gozag.
  7743 | D:7      | Found a faded altar of an unknown god.
  7774 | D:7      | Found a glowing golden altar of the Shining One.
  7776 | D:7      | Found a bloodstained altar of Trog.
  7778 | D:7      | Found a faded altar of an unknown god.
  8441 | D:8      | Reached XP level 10. HP: 71/76 MP: 0/0
  8441 | D:8      | Reached **** piety under Ashenzari
  8500 | D:8      | Reached skill level 5 in Unarmed Combat
  8698 | D:8      | Found a glowing silver altar of Zin.
  8767 | D:8      | Reached skill level 8 in Dodging
  8843 | D:8      | Noticed Joseph
  8853 | D:8      | Killed Joseph
  8999 | D:8      | Reached skill level 1 in Armour
  9061 | D:8      | Reached ***** piety under Ashenzari
  9205 | D:8      | Found Igrawyrph's Weapon Emporium.
  9446 | D:8      | Noticed a two-headed ogre
  9464 | D:8      | Killed a two-headed ogre
  9641 | D:8      | Noticed a wizard
  9645 | D:8      | Killed a wizard
  9646 | D:8      | Reached skill level 9 in Dodging
  9937 | D:9      | Reached XP level 11. HP: 80/87 MP: 0/0
  9937 | D:9      | Learned a level 4 spell: Cause Fear
 10832 | D:9      | Noticed a two-headed ogre
 10845 | D:9      | Killed a two-headed ogre
 11000 | D:10     | Entered Level 10 of the Dungeon
 11181 | D:10     | Reached skill level 10 in Dodging
 11932 | D:10     | Found a staircase to the Lair.
 12160 | D:10     | Noticed a two-headed ogre
 12172 | D:10     | Killed a two-headed ogre
 12304 | D:10     | Noticed a boulder beetle
 12387 | D:10     | Killed a boulder beetle
 12475 | D:10     | Reached XP level 12. HP: 93/96 MP: 0/0
 12863 | D:11     | Noticed a skeletal warrior
 12876 | D:11     | Killed a skeletal warrior
 12877 | D:11     | Noticed a six-headed hydra
 12882 | D:11     | Noticed a skeletal warrior
 12882 | D:11     | Noticed a skeletal warrior
 12887 | D:11     | Killed a six-headed hydra
 12890 | D:11     | Noticed a skeletal warrior
 12894 | D:11     | Killed a skeletal warrior
 12895 | D:11     | Reached skill level 11 in Dodging
 12903 | D:11     | Noticed a skeletal warrior
 12905 | D:11     | Killed a skeletal warrior
 12907 | D:11     | Killed a skeletal warrior
 12908 | D:11     | Killed a skeletal warrior
 12909 | D:11     | Reached skill level 10 in Fighting
 12931 | D:11     | Reached skill level 5 in Armour
 13144 | D:11     | Noticed a two-headed ogre
 13148 | D:11     | Noticed a five-headed hydra
 13156 | D:11     | Killed a five-headed hydra
 13163 | D:11     | Killed a two-headed ogre
 13625 | D:11     | Noticed a six-headed hydra
 13635 | D:11     | Killed a six-headed hydra
 13791 | D:12     | Noticed a two-headed ogre
 13807 | D:12     | Killed a two-headed ogre
 13808 | D:12     | Reached skill level 12 in Dodging
 13820 | D:12     | Reached XP level 13. HP: 101/104 MP: 0/0
 13820 | D:12     | Learned a level 5 spell: Summon Forest
 13926 | D:12     | Found the +8 trident of the Octopus King {venom, rElec
                  | rPois}
 14030 | D:12     | Found Hotihe's Magic Scroll Shoppe.
 14035 | D:12     | Bought a scroll of magic mapping for 97 gold pieces
 14035 | D:12     | Bought a scroll of teleportation for 39 gold pieces
 14035 | D:12     | Bought a scroll of teleportation for 39 gold pieces
 14178 | D:12     | Noticed a boulder beetle
 14194 | D:12     | Killed a boulder beetle
 14600 | D:12     | Found a staircase to the Orcish Mines.
 14735 | D:13     | Noticed a centaur warrior
 14753 | D:13     | Noticed a centaur warrior
 14754 | D:13     | Killed a centaur warrior
 14760 | D:13     | Noticed a centaur warrior
 14770 | D:13     | Killed a centaur warrior
 14775 | D:13     | Killed a centaur warrior
 15220 | D:13     | Noticed a catoblepas
 15629 | D:13     | Noticed an eight-headed hydra
 15659 | D:13     | Killed an eight-headed hydra
 15705 | D:13     | Noticed a centaur warrior
 15951 | D:13     | Killed a centaur warrior
 16268 | D:13     | Reached skill level 13 in Dodging
 16273 | D:13     | Killed a catoblepas
 16578 | D:13     | Noticed a centaur warrior
 16585 | D:13     | Noticed a boulder beetle
 16616 | D:13     | Killed a boulder beetle
 16671 | D:13     | Killed a centaur warrior
 17294 | D:13     | Reached skill level 10 in Spellcasting
 17604 | D:14     | Reached XP level 14. HP: 107/114 MP: 0/0
 17925 | Lair:1   | Entered Level 1 of the Lair of Beasts
 18122 | Lair:1   | Reached skill level 1 in Short Blades
 18122 | Lair:1   | Reached skill level 1 in Evocations
 18686 | Lair:1   | Gained mutation: You are agile. (Dex +4, Str/Int -1)
                  | [potion of mutation]
 18686 | Lair:1   | Gained mutation: Your spells are a little harder to cast,
                  | but a little more powerful. [potion of mutation]
 18686 | Lair:1   | Gained mutation: You are somewhat resistant to further
                  | mutation. [potion of mutation]
 19734 | Lair:2   | Found a hole to the Spider Nest.
 19869 | Lair:2   | Noticed Sonja
 19887 | Lair:2   | Killed Sonja
 20568 | Lair:3   | Reached skill level 14 in Dodging
 21151 | Lair:3   | Found a staircase to the Shoals.
 21382 | Lair:4   | Found a frozen archway.
 21432 | IceCv    | Entered an ice cave
 22221 | IceCv    | Reached XP level 15. HP: 95/122 MP: 0/0
 22221 | IceCv    | Learned a level 6 spell: Eringya's Noxious Bog
 22654 | IceCv    | Identified the Directory of Cold
 23300 | Lair:4   | Found a runed translucent door.
 23301 | Lair:4   | Found a viscous altar of Jiyva.
 23302 | Lair:4   | Found a staircase to the Slime Pits.
 24265 | Lair:5   | Entered Level 5 of the Lair of Beasts
 24318 | Lair:5   | Found a gate leading to a gauntlet.
 24349 | Gauntlet | Entered a Gauntlet
 24349 | Gauntlet | Found a transporter.
 24363 | Gauntlet | Found a transporter.
 24366 | Gauntlet | Found a transporter.
 24367 | Gauntlet | Found a transporter.
 24375 | Gauntlet | Found a transporter.
 24376 | Gauntlet | Identified the amulet of Wigguh {Fly Regen+ SInv}
 24378 | Gauntlet | Found a transporter.
 24379 | Gauntlet | Found a transporter.
 24383 | Gauntlet | Found a runed translucent door.
 24385 | Gauntlet | Found a runed translucent door.
 24448 | Gauntlet | Found a transporter.
 24451 | Gauntlet | Found a transporter.
 24452 | Gauntlet | Found a transporter.
 24460 | Gauntlet | Found a transporter.
 24460 | Gauntlet | Noticed a reaper
 24463 | Gauntlet | Found a transporter.
 24464 | Gauntlet | Found a transporter.
 24464 | Gauntlet | Identified the amulet of Vuvygg {Reflect +Blink SH+5}
 24473 | Gauntlet | Found a transporter.
 24567 | Gauntlet | Reached skill level 5 in Evocations
 25150 | Gauntlet | Identified the amulet of Heesi {Spirit Rampage rF++ Slay+6}
 25604 | Lair:5   | Reached skill level 5 in Short Blades
 26673 | Lair:5   | Reached skill level 15 in Dodging
 27069 | Orc:1    | Entered Level 1 of the Orcish Mines
 27588 | Orc:1    | Found Ciorchu's General Store.
 27593 | Orc:1    | Bought a potion of might for 44 gold pieces
 27756 | Orc:2    | Entered Level 2 of the Orcish Mines
 27818 | Orc:2    | Found Uvve's Antique Armour Boutique.
 27860 | Orc:2    | Found a staircase to the Elven Halls.
 27863 | Orc:2    | Noticed Erolcha
 27867 | Orc:2    | Killed Erolcha
 27869 | Orc:2    | Found Ful Getohoi's Magic Scroll Boutique.
 27869 | Orc:2    | Found Nepiec's Jewellery Emporium.
 27877 | Orc:2    | Reached skill level 1 in Shields
 27889 | Orc:2    | Reached XP level 16. HP: 132/132 MP: 0/0
 28020 | Orc:2    | Found Enoxuck's Jewellery Shop.
 28027 | Orc:2    | Bought a scroll of enchant weapon for 105 gold pieces
 28027 | Orc:2    | Bought a scroll of immolation for 56 gold pieces
 28042 | Orc:2    | Found Azoam's Assorted Antiques.
 28714 | D:14     | Found a gate to the Vaults.
 29725 | D:15     | Entered Level 15 of the Dungeon
 29731 | D:15     | Found Feal Gubix's Magic Scroll Boutique.
 30003 | D:15     | Bought a scroll of magic mapping for 135 gold pieces
 30208 | D:15     | Found a staircase to the Depths.
 30923 | Spider:1 | Entered Level 1 of the Spider Nest
 31409 | Spider:1 | Reached XP level 17. HP: 139/139 MP: 0/0
 31409 | Spider:1 | Learned a level 7 spell: Malign Gateway
 32209 | Spider:2 | Identified the +1 pair of gloves of Omission {rN+ Slay+5}
 32358 | Spider:2 | Reached skill level 16 in Dodging
 32372 | Spider:2 | Reached skill level 5 in Shields
 33745 | Spider:3 | Identified the +5 chain mail of the Griffon {rCorr Dex+4}
 34359 | Spider:4 | Entered Level 4 of the Spider Nest
 34477 | Spider:4 | Reached skill level 15 in Fighting
 35024 | Spider:4 | Reached XP level 18. HP: 147/148 MP: 0/0
 35086 | Spider:4 | Got a gossamer rune of Zot
 35676 | Shoals:1 | Entered Level 1 of the Shoals
 35786 | Shoals:1 | Noticed Aizul
 35806 | Shoals:1 | Killed Aizul
 36526 | Elf:1    | Entered Level 1 of the Elven Halls
 36526 | Elf:1    | Noticed Nikola
 36874 | Shoals:1 | Noticed Roxanne
 37796 | Shoals:2 | Noticed Jorgrun
 37814 | Shoals:2 | Killed Jorgrun
 38478 | Shoals:3 | Noticed a kraken
 38498 | Shoals:3 | Killed a kraken
 38553 | Shoals:3 | Reached skill level 17 in Dodging
 38831 | Shoals:3 | Reached skill level 10 in Evocations
 39314 | Shoals:3 | Found Goari's Specific Store.
 39328 | Shoals:3 | Found Ruyt's General Store.
 39339 | Shoals:3 | Bought a wand of iceblast (7) for 319 gold pieces
 39343 | Shoals:3 | Bought a scroll of blinking for 127 gold pieces
 39575 | Shoals:4 | Entered Level 4 of the Shoals
 39883 | Shoals:4 | Reached XP level 19. HP: 84/153 MP: 0/0
 39883 | Shoals:4 | Learned a level 6 spell: Summon Cactus Giant
 39974 | Shoals:4 | Got a barnacled rune of Zot
 40479 | Shoals:4 | Reached skill level 10 in Short Blades
 41445 | Vaults:1 | Entered Level 1 of the Vaults
 41978 | Vaults:1 | Found a crumbling gateway.
 41986 | Desolati | Entered the Desolation of Salt
 42038 | Desolati | Found the +9 heavy crossbow "Sniper" {vorpal, Acc+∞ SInv}
 42042 | Desolati | Identified the +9 glaive of the Supporting Gods {antimagic,
                  | rN+ SInv}
 42323 | Desolati | Reached XP level 20. HP: 161/161 MP: 0/0
 42475 | Desolati | Identified Xoalapyil's Excursus on Lightning and Striking
 42522 | Desolati | Identified the +7 great mace of Pride {speed, rF++ Str+4
                  | Dex-5}
 42529 | Desolati | Identified the +2 leather armour of Vovor {+Inv rPois
                  | Int-3}
 42529 | Desolati | Identified the +2 trident of the Past {vorpal, rPois rC++
                  | Will- Dex+4}
 42585 | Desolati | Reached skill level 18 in Dodging
 42607 | Desolati | Found the +9 staff of Wucad Mu {*channel}
 42609 | Desolati | Identified the amulet of Royalty {Rampage Drain rElec rN+
                  | Regen+}
 42611 | Desolati | Identified the ring "Azunlum" {Fire rCorr Int+6 Slay-2}
 42735 | Desolati | Identified the +0 pair of gloves "Vint" {Int+2}
 44700 | Vaults:1 | Noticed Asterion
 44725 | Vaults:1 | Killed Asterion
 44776 | Vaults:1 | Reached skill level 10 in Shields
 45101 | Vaults:1 | Noticed Saint Roka
 45136 | Vaults:1 | Killed Saint Roka
 45842 | Vaults:2 | Reached XP level 21. HP: 145/168 MP: 0/0
 45842 | Vaults:2 | Learned a level 8 spell: Lehudib's Crystal Spear
 45882 | Vaults:2 | Found Reraxkiv's Armour Emporium.
 45893 | Vaults:2 | Bought a +1 helmet of see invisible for 280 gold pieces
 46004 | Vaults:2 | Found Yziecit's Weapon Boutique.
 46803 | Orc:2    | Bought a wooden ring for 115 gold pieces
 46923 | Depths:1 | Entered Level 1 of the Depths
 47040 | Depths:1 | Found a one-way gate to the infinite horrors of the Abyss.
 47588 | Vaults:2 | Found a staircase to the Crypt.
 47588 | Vaults:2 | Found a basalt altar of Yredelemnul.
 47655 | Vaults:2 | Identified a scroll of acquirement
 47664 | Vaults:2 | Acquired a manual of Armour
 48546 | Vaults:3 | Reached ****** piety under Ashenzari
 48600 | Vaults:3 | Reached skill level 19 in Dodging
 48764 | Vaults:3 | Identified the +6 rapier of Kumnul {freeze, Str+4}
 48768 | Vaults:3 | Noticed Boris
 48777 | Vaults:3 | Killed Boris
 49407 | Vaults:4 | Reached XP level 22. HP: 178/178 MP: 0/0
 49609 | Vaults:4 | Noticed Mennas
 49616 | Vaults:4 | Killed Mennas
 49647 | Vaults:4 | Noticed Xtahua
 49667 | Vaults:4 | Killed Xtahua
 50891 | Depths:1 | Found a gateway to Hell.
 50950 | Depths:1 | Found a one-way gate leading to the halls of Pandemonium.
 51151 | Depths:1 | Noticed Veakkusy's ghost (veteran DsWr)
 51156 | Depths:1 | Found a runed translucent gate.
 51156 | Depths:1 | Found a runed translucent gate.
 51156 | Depths:1 | Found a runed translucent gate.
 51164 | Depths:1 | Identified the -1 cloak "Feuniq" {rN+ Int+4 Slay-4}
 52361 | Depths:2 | Noticed Sojobo
 52381 | Depths:2 | Killed Sojobo
 52620 | Depths:2 | Reached XP level 23. HP: 185/185 MP: 0/0
 52620 | Depths:2 | Learned a level 7 spell: Storm Form
 52827 | Depths:2 | Found a one-way gateway to a ziggurat.
 52894 | Depths:2 | HP: 5/185 [white ugly thing (32)]
 52895 | Depths:2 | Found a sparkling altar of Nemelex Xobeh.
 53350 | Depths:3 | Identified the +2 scale mail of Idealism {Int+2}
 53450 | Depths:3 | Noticed Mara
 53459 | Depths:3 | Noticed croobank's illusion
 53498 | Depths:3 | Identified the +12 sling "Dyevynim" {freeze, rPois rF++}
 53901 | Depths:2 | Killed Mara
 53981 | Depths:2 | Reached skill level 20 in Dodging
 54251 | Depths:3 | Reached skill level 10 in Armour
 54354 | Abyss:3  | Found a corrupted altar of Lugonu.
 54354 | Abyss:3  | Cast into level 3 of the Abyss (hell knight)
 54377 | Depths:3 | Escaped the Abyss
 54482 | Depths:3 | HP: 6/186 [deep troll earth mage (18)]
 54495 | Depths:3 | Noticed a golden dragon
 55082 | Vaults:5 | Entered Level 5 of the Vaults
 55082 | Vaults:5 | Identified the +11 sling of Hionly {venom, rF+}
 55165 | Vaults:5 | Identified the cursed +0 cloak "Share My Existentialism"
                  | {Evo, Melee} (You found it on level 3 of the Dungeon)
 55165 | Vaults:5 | Identified the cursed +2 kite shield of Ashenzari's Failure
                  | {rC+, Cun, Range} (You found it in an ice cave)
 55165 | Vaults:5 | Identified the cursed +4 troll leather armour of
                  | Ashenzari's Yoke {Regen+, Evo, Fort} (You found it on level
                  | 11 of the Dungeon)
 55186 | Vaults:5 | Noticed Jory
 55212 | Vaults:5 | Killed Jory
 55215 | Vaults:5 | HP: 7/186 [tentacled monstrosity (9)]
 55215 | Vaults:5 | Demolished by a vault warden

Illustrated notes

Levels and vault maps discovered:
D:1:      dpeg_arrival_arbitrary_a, layout_rooms,
          shapermc_ecumenical_altar_starsandcircs, minmay_misc_feat_rows,
          minmay_tetromino_i2
D:2:      minmay_thinvault, layout_rooms, serial_bayou_lagoon_a,
          eino_tiny_chamber, due_unseen_surprise
D:3:      layout_basic, hangedman_abyss_or_decor_lesser_grid, uniq_terence,
          uniq_crazy_yiuf_cottage, uniq_natasha
D:4:      layout_rooms, serial_shops, kennysheep_mini_moat, serial_curves,
          eino_curves_04, eino_curves_02, eino_curves_04, eino_curves_04,
          minmay_manual_monstrance, uniq_grinder
D:5:      layout_layer_cave
D:6:      layout_rooms, lemuel_round_altar, minmay_temple_entry_junction,
          minmay_holes
D:7:      layout_basic, nicolae_overflow_crystal_walls,
          chequers_temple_overflow_minitemple, minmay_checkerbox
D:8:      nzn_winding_woodlands_three_and_one [nzn_winding_woodlands_5x15_eye,
          nzn_winding_woodlands_5x15_garden, nzn_winding_woodlands_5x15_pockets,
          nzn_winding_woodlands_center_diamonds], layout_loops_corners,
          zin_statuary, serial_shops, nicolae_inconvenience_store,
          hangedman_abyss_or_decor_stabs, chequers_serial_rivers_small_3,
          uniq_joseph
D:9:      layout_roguey, marbit_many_paths
D:10:     layout_loops_ring, erik_lair_dragon
D:11:     layout_gridville, serial_bayou_crossing
D:12:     layout_small_grid, hiddenorc2_lemuel, serial_shops,
          kennysheep_little_box
D:13:     nicolae_cairo_tiling_large_dashed, layout_loops_corners
D:14:     layout_basic, david_vaults_5, serial_co_window_serial,
          co_window_corner_a, co_window_paths_a, co_window_paths_a,
          co_window_paths_a, co_window_paths_b, co_window_corner_b,
          co_window_paths_c, co_window_corner_cb, co_window_unsneaky_path_e,
          glass_columns_b, glass_columns_c, glass_columns_b, minmay_librarian
D:15:     hangedman_depths_entry_try_elsewhere_first, layout_basic,
          minmay_misc_feat_room, serial_shops, shop_coins
Lair:1:   layout_regular_city, dreamdust_mushroom_princess
Lair:2:   layout_chaotic_city, nicolae_spider_entry_orb_guardian,
          lemuel_fruit_fields, lemuel_fruit_fields, uniq_sonja
Lair:3:   layout_chaotic_city, minmay_shoals_entry_lonely_mermaid,
          nicolae_lair_lindhole, infiniplex_staircase_pool
Lair:4:   layout_layer_cave, slime_entry_2, portal_ice_cave_entry_pillars_2,
          chequers_serial_rivers_small_b, serial_bayou_lagoon_b
Lair:5:   grunt_lair_end_beastmaster, layout_gridlike, gauntlet_entry_generic,
          grunt_megastairs_4
Shoals:1: layout_shoals, uniq_aizul, uniq_roxanne
Shoals:2: layout_shoals, uniq_jorgrun
Shoals:3: layout_shoals, nicolae_specific_store
Shoals:4: shoals_end_grunt_ice, layout_shoals, kb_tengu_band
Spider:1: layout_spider_delve, hellmonk_spider_spawner
Spider:2: layout_spider_delve, nicolae_spider_checkerboard
Spider:3: layout_chambers
Spider:4: spider_rune_water, nicolae_spider_bzzzt
Orc:1:    layout_caves, serial_shops, nicolae_square_shop
Orc:2:    st_orc_open, layout_caves, serial_shops, shop, uniq_erolcha
Elf:1:    minmay_elf_arrival_circle, layout_geoelf_octagon,
          minmay_elf_necromancy, uniq_nikola
Vaults:1: portal_desolation_entry_garden, v_misc_3, nicolae_vaults_rhombus_7,
          nicolae_vaults_theta, vaults_room_grunt_arrival_ludios,
          vaults_standard_mumra_x, nicolae_vaults_specimen_jars,
          hangedman_vaults_capsules, nicolae_vaults_three_branches,
          vaults_room_door_hall, layout_vaults_omnigrid, uniq_asterion,
          uniq_saint_roka
Vaults:2: v_alt_pattern_5, ontoclasm_vaults_eye,
          ontoclasm_vaults_decontamination, ontoclasm_vaults_twist,
          nicolae_vaults_theta, minmay_crypt_entry_necro_gods,
          vaults_mumra_minichess_inversion, ontoclasm_vaults_chip,
          vaults_dpeg_cross, layout_vaults_big_room, serial_shops, shop,
          nicolae_shop_waterfront
Vaults:3: v_misc_30, nicolae_vaults_network_periphery, vaults_mumra_hex,
          v_misc_14, hangedman_vaults_snaps, nicolae_vaults_twisting_passages,
          grunt_vaults_diagonal, nicolae_vaults_network_quinsquares
          [nicolae_vaults_network_quincunx_subvault,
          nicolae_vaults_network_quincunx_subvault,
          nicolae_vaults_network_quincunx_subvault,
          nicolae_vaults_network_quincunx_subvault], v_misc_15,
          grunt_vaults_hallway_long, v_misc_13, ontoclasm_vaults_shuriken,
          nicolae_vaults_little_ls, layout_vaults_maze, uniq_boris
Vaults:4: v_misc_11, vaults_room_grid, nicolae_vaults_circle_grid_a, v_misc_17,
          nicolae_vaults_ninety_degrees, nicolae_vaults_little_squares_5,
          nicolae_vaults_little_squares_2, ontoclasm_vaults_gateway,
          hangedman_vaults_river_flow, layout_vaults_omnibox, uniq_mennas,
          uniq_xtahua
Vaults:5: uniq_jory
Depths:1: layout_basic, hangedman_tar_grid_catacomb,
          chequers_serial_rivers_micro_e, hangedman_abyss_entry_splay,
          gammafunk_ghost_tricky_traps, rand_demon_pan_entry_7,
          kennysheep_generic_room_3
Depths:2: wad_lake_hut, layout_cave_pools, enter_ziggurat_d,
          hangedman_decor_growths, grunt_pan_entry_sceptre, abyss_entry,
          hellmouth_1, nemelex_xobeh_ov_fountains_minmay, uniq_sojobo
Depths:3: minmay_octagon_city, layout_gridlike, minmay_room_of_horrors,
          grunt_decor_one_mirror, pf_hell_entry_great_geh,
          nicolae_qazlal_style_of_elements, uniq_mara

Skill      XL: |  1  2  3  4  5  6  7  8  9 10 11 12 13 14 15 16 17 18 19 20 21 22 23 |
---------------+----------------------------------------------------------------------+-----
Stealth        | 2 |  2.4
Fighting       | 1 2 3 4 5 6 7 9 10 12 13 14 15 16 17 18 | 18.5
Dodging        | 3 4 5 6 7 9 10 12 13 14 15 16 17 18 19 20 | 20.1
Ranged Weapons | 1 2 |  2.8
Spellcasting   | 4 5 6 7 8 9 10 11 12 13 14 | 14.8
Unarmed Combat | 2 4 6 7 |  7.4
Armour         | 2 4 5 6 7 8 9 10 | 10.3
Short Blades   | 4 6 7 8 9 10 11 12 | 12.5
Evocations     | 4 6 8 9 10 11 12 13 14 | 14.5
Shields        | 1 4 6 8 9 10 11 12 13 | 13.0

Action                   |  1- 3 |  4- 6 |  7- 9 | 10-12 | 13-15 | 16-18 | 19-21 | 22-24 || total
-------------------------+-------+-------+-------+-------+-------+-------+-------+-------++-------
Melee: Short sword       |    44 |    17 |       |       |       |       |       |       ||    61
       Unarmed           |     2 |       |       |       |       |       |       |    49 ||    51
       Rapier            |       |    60 |   149 |   163 |   271 |   902 |   919 |   587 ||  3051
       Punch             |       |       |     2 |     8 |     7 |       |       |     4 ||    21
 Cast: Summon Small Mamm |    31 |    12 |    33 |    24 |    62 |     7 |     3 |       ||   172
       Call Imp          |     3 |     3 |    13 |     8 |    23 |     5 |       |       ||    55
       Necrotise         |     3 |       |       |     1 |     2 |       |       |       ||     6
       Call Canine Famil |     2 |     9 |    26 |    31 |    64 |    38 |    17 |     4 ||   191
       Summon Guardian G |       |       |     7 |    21 |    73 |    31 |     9 |     1 ||   142
       Summon Lightning  |       |       |       |    19 |   115 |    92 |    61 |    29 ||   316
       Cause Fear        |       |       |       |     1 |       |     1 |       |       ||     2
       Summon Forest     |       |       |       |       |    16 |    34 |    35 |    24 ||   109
       Swiftness         |       |       |       |       |     4 |     1 |       |     4 ||     9
       Eringya's Noxious |       |       |       |       |       |     1 |       |       ||     1
       Malign Gateway    |       |       |       |       |       |     2 |     4 |     1 ||     7
       Summon Cactus Gia |       |       |       |       |       |       |    50 |    34 ||    84
       Lehudib's Crystal |       |       |       |       |       |       |       |    35 ||    35
       Storm Form        |       |       |       |       |       |       |       |     3 ||     3
Invok: Curse Item        |     1 |     2 |     3 |     3 |     3 |     2 |     2 |       ||    16
       Shatter the Chain |       |     1 |       |     2 |     1 |     2 |     1 |       ||     7
Evoke: Wand              |       |       |       |       |    10 |    21 |       |     3 ||    34
       Phantom mirror    |       |       |       |       |       |       |       |     1 ||     1
  Use: Scroll            |     2 |       |     1 |       |     7 |    10 |     5 |    13 ||    38
       Potion            |       |       |     1 |       |     6 |     7 |     4 |     6 ||    24
 Stab: Distracted        |     1 |     1 |     1 |     2 |     6 |    17 |    26 |    13 ||    67
       Sleeping          |     1 |     4 |     5 |     7 |     4 |    11 |     7 |     9 ||    48
       Petrified         |       |       |       |       |     1 |       |       |       ||     1
       Paralysed         |       |       |       |       |     1 |       |       |       ||     1
       Betrayed ally     |       |       |       |       |       |     1 |     1 |       ||     2
       Invisible         |       |       |       |       |       |       |       |     1 ||     1
Armor: Robe              |    12 |    17 |    15 |     3 |       |       |       |       ||    47
       Acid dragon scale |       |       |       |    32 |    97 |    99 |       |       ||   228
       Troll leather arm |       |       |       |       |       |    45 |    80 |    70 ||   195
       Skin              |       |       |       |       |       |       |       |     4 ||     4
Dodge: Dodged            |    32 |    73 |   161 |   239 |   507 |   963 |   632 |   534 ||  3141
Block: Kite shield       |       |       |       |       |   134 |   896 |   687 |   501 ||  2218
